 Dungeon Crawl Stone Soup version 0.28.0-47-ge53b351184 (webtiles) character file.

Game seed: 7185807132362874995

46 bromine the Chopper (level 3, -2/34 HPs)
             Began as a Hill Orc Berserker on May 2, 2022.
             Was a Believer of Trog.
             Succumbed to an adder's poison
             ... on level 2 of the Dungeon on May 6, 2022.
             The game lasted 00:02:46 (1555 turns).

bromine the Chopper (Hill Orc Berserker)            Turns: 1555, Time: 00:02:47

Health: -2/34      AC:  2    Str: 21    XL:     3   Next: 66%
Magic:  3/3        EV: 12    Int:  7    God:    Trog [**....]
Gold:   39         SH:  0    Dex: 10    Spells: 2/2 levels left

rFire   . . .      SeeInvis .   a - +0 hand axe
rCold   . . .      Faith    .   (no shield)
rNeg    . . .      Spirit   .   b - +0 animal skin
rPois   .          Reflect  .   (no helmet)
rElec   .          Harm     .   (no cloak)
rCorr   .          Rampage  .   (no gloves)
Will    .....                   (no boots)
Stlth   +.........              (no amulet)
HPRegen 0.11/turn               (no ring)
MPRegen 0.08/turn               (no ring)

@: lethally poisoned (-2 -> -16)
A: no striking features
a: Renounce Religion, Berserk, Trog's Hand


You were on level 2 of the Dungeon.
You worshipped Trog.
Trog was pleased with you.
You visited 1 branch of the dungeon, and saw 2 of its levels.

You collected 39 gold pieces.

Inventory:

Hand Weapons
 a - a +0 hand axe (weapon)
Missiles
 f - 32 sling bullets
Armour
 b - a +0 animal skin (worn)
Scrolls
 d - a scroll of fear {unknown}
 e - a scroll of immolation {unknown}
Potions
 c - a potion of might {unknown}
 g - a potion of resistance {unknown}


   Skills:
 + Level 4.4 Fighting
 + Level 4.8 Axes
 + Level 2.3 Armour
 + Level 1.9 Dodging
 + Level 0.1 Stealth


You had 2 spell levels left.
You didn't know any spells.
Your spell library was empty.

Dungeon Overview and Level Annotations

Branches:
Dungeon (2/15)

Altars:

Shops:
D:1 =


Message History

You barely miss the adder.
The adder hisses angrily.
You hit the quokka.
You kill the quokka!
Trog accepts your kill.
You can now call upon Trog for regeneration and willpower.
The adder misses you. The goblin closely misses you.
You hit the goblin but do no damage.
The goblin is severely wounded.
You completely miss the adder. The adder misses you.
The goblin hits you with a +0 dagger. The adder bites you.
You are poisoned.
The adder poisons you!
You hit the goblin.
You kill the goblin!
Trog accepts your kill.
You barely miss the adder.
You feel sick. The adder misses you. The adder bites you.
You feel sick. The adder barely misses you. The adder bites you.
Things that are here:
a +0 dagger; 15 gold pieces You hit the adder.
The adder is moderately wounded.
You hit the adder.
You feel sick. The adder bites you.
* * * LOW HITPOINT WARNING * * *
You are lethally poisoned!
The adder poisons you! The adder bites you.
* * * LOW HITPOINT WARNING * * *
The adder barely misses you.
You miss the adder.
The adder is moderately wounded.
You closely miss the adder. You barely miss the adder.
* * * LOW HITPOINT WARNING * * *
You feel sick. The adder bites you.
* * * LOW HITPOINT WARNING * * *
You are more poisoned.
The adder poisons you! The adder closely misses you.
The adder barely misses you. The adder bites you.
* * * LOW HITPOINT WARNING * * *
You die...

#........#### .....
##......# #. .....
##.....# #. ..#'#
#.....# #. ##<..#
###♣.♣#####
##.....##
##........##
#.......##
##..#♣†♣##.#
...(...SS####...##.#
.......)@'.......♣.♣
.......S.####....#.#
.♣......## ##...♣.♣
# #.....##
##..#.###..# ♣#...<
#.........# ##.##
##.######.. #. #.#
#. ..# ####


You could see 3 adders.

Vanquished Creatures
  A worm (D:2)
  3 dart slugs (D:1)
  5 ball pythons (D:1)
  3 endoplasms (D:1)
  5 goblins
  A hobgoblin (D:1)
  7 jackals (D:2)
  A quokka (D:2)
  4 bats (D:1)
  A frilled lizard (D:1)
  A rat (D:1)
32 creatures vanquished.

Notes
Turn   | Place    | Note
-------+----------+-------------------------------------------
     0 | D:1      | bromine the Hill Orc Berserker began the quest for the Orb.
     0 | D:1      | Reached XP level 1. HP: 19/19 MP: 1/1
   269 | D:1      | Reached XP level 2. HP: 20/27 MP: 2/2
   780 | D:1      | Found Acliol's Jewellery Shop.
   787 | D:1      | Reached XP level 3. HP: 22/33 MP: 3/3
  1055 | D:1      | Found a faded altar of an unknown god.
  1549 | D:2      | Reached ** piety under Trog
  1554 | D:2      | HP: 1/34 [adder (2)]
  1555 | D:2      | Succumbed to an adder's poison

Illustrated notes

Levels and vault maps discovered:
D:1:      nicolae_arrival_somewhat_less_tricky_arrival, layout_basic,
          shapermc_ecumenical_altar_petra, serial_shops, shop,
          minmay_statues_item
D:2:      layout_loops_corners, serial_forest, infiniplex_forest_lined_3,
          infiniplex_forest_end_1, infiniplex_forest_zigzag_2,
          infiniplex_forest_clump_diagonal, infiniplex_forest_lined_2,
          infiniplex_forest_end_1, infiniplex_forest_straight_4,
          grunt_ministairs_5, uniq_robin

Skill      XL: |  1  2 |
---------------+-------+-----
Fighting       | 4 |  4.4
Axes           | |  4.8
Armour         | |  2.3
Dodging        | |  1.9
Stealth        | |  0.1

Action                   || total
-------------------------++-------
Melee: Hand axe          ||    77
       Punch             ||     3
Armor: Animal skin       ||    25
Dodge: Dodged            ||    57
